Map: Orbital Shipyard

Players

Tymli

  • Race: Protoss Protoss
  • League: Master

Glorfindel - Winner!

  • Race: Terran Terran
  • League: Master

VOD

Have the link to the VOD?

Description

Time

  • Played on: Feb. 25, 2016, 11:40 a.m.
  • Length: 16:52
Show
View Real Time Build Order
Export as new Build Order

Tymli Protoss 

Build Orders: 1 Gate Expand, Zealot Archon, Dark Templar Rush 

Get SALT Encoding   

  12  0:01  Probe (Chrono Boost)  
  13  0:11  Probe (Chrono Boost)  
  14  0:17  Pylon  
  14  0:22  Probe (Chrono Boost)  
  16  0:35  Probe (Chrono Boost)  
  16  0:37  Gateway  
  16  0:46  Probe (Chrono Boost)  
  16  0:48  Assimilator  
  17  0:56  Probe (Chrono Boost)  
  18  1:07  Probe (Chrono Boost)  
  19  1:18  Probe (Chrono Boost)  
  20  1:26  Nexus  
  20  1:38  Cybernetics Core  
  20  1:41  Probe (Chrono Boost)  
  21  1:49  Assimilator  
  21  1:52  Probe (Chrono Boost)  
  22  1:56  Pylon  
  22  2:02  Probe (Chrono Boost)  
  23  2:15  Warp Gate, Mothership Core (Chrono Boost)  
  25  2:16  Adept  
  27  2:33  Probe (Chrono Boost)  
  28  2:39  Probe (Chrono Boost)  
  28  2:44  Probe (Chrono Boost), Robotics Facility  
  30  2:50  Probe (Chrono Boost)  
  31  2:54  Probe (Chrono Boost)  
  32  3:00  Probe (Chrono Boost)  
  32  3:02  Twilight Council  
  32  3:05  Probe (Chrono Boost)  
  34  3:11  Probe (Chrono Boost)  
  35  3:15  Probe (Chrono Boost)  
  36  3:21  Probe (Chrono Boost)  
  36  3:26  Probe (Chrono Boost)  
  38  3:30  Probe (Chrono Boost), Warp Prism (Chrono Boost)  
  41  3:37  Probe  
  41  3:40  Probe  
  42  3:42  Dark Shrine  
  43  3:49  Probe, Gateway  
  43  3:50  Gateway  
  43  3:51  Probe  
  45  3:57  Pylon  
  45  4:01  Probe  
  46  4:03  Pylon  
  46  4:14  Probe  
  46  4:15  Probe  
  46  4:16  Observer (Chrono Boost)  
  49  4:18  Assimilator  
  49  4:22  Assimilator  
  49  4:24  Probe  
  49  4:26  Pylon  
  49  4:27  Probe  
  49  4:31  Stalker  
  53  4:35  Probe  
  54  4:39  Probe  
  54  4:43  Observer (Chrono Boost)  
  56  4:45  Probe  
  56  4:51  Probe  
  58  4:56  Probe  
  59  5:04  Probe  
  59  5:06  Probe  
  61  5:16  Probe  
  61  5:17  Probe  
  61  5:18  Pylon  
  61  5:19  Blink  
  61  5:20  Dark Templar  
  65  5:23  Pylon x2  
  65  5:26  Pylon  
  65  5:27  Pylon  
  65  5:28  Probe  
  66  5:32  Pylon  
  66  5:35  Gateway  
  66  5:36  Gateway  
  66  5:39  Gateway  
  66  5:46  Nexus  
  66  5:52  Stalker x3  
  72  6:00  Probe  
  72  6:01  Probe  
  74  6:05  Pylon  
  74  6:08  Pylon  
  74  6:11  Probe  
  74  6:14  Probe  
  74  6:17  Robotics Bay  
  76  6:21  Forge  
  76  6:23  Forge  
  76  6:26  Sentry  
  76  6:30  Probe  
  76  6:31  Probe  
  80  6:42  Immortal (Chrono Boost)  
  80  6:44  Dark Templar x2  
  80  6:45  Dark Templar x2  
  92  6:48  Archon  
  91  6:57  Archon  
  89  7:02  Probe  
  89  7:04  Probe  
  91  7:11  Stalker x2  
  95  7:16  Immortal (Chrono Boost)  
  99  7:26  Adept x4  
  105  7:31  Protoss Ground Weapons Level 1 (Chrono Boost)  
  105  7:32  Protoss Ground Armor Level 1 (Chrono Boost)  
  105  7:33  Pylon  
  105  7:35  Pylon  
  105  7:37  Pylon  
  105  7:59  Dark Templar  
  105  8:01  Assimilator  
  105  8:03  Dark Templar  
  105  8:04  Assimilator  
  109  8:08  Probe  
  109  8:09  Probe  
  109  8:11  Resonating Glaives  
  111  8:15  Pylon  
  111  8:16  Probe  
  111  8:18  Probe  
  112  8:20  Adept x4  
  112  8:21  Probe  
  122  8:30  Colossus  
  122  8:32  Zealot  
  130  8:37  Gateway  
  130  8:38  Gateway  
  130  8:40  Probe  
  130  8:41  Probe  
  132  8:52  Adept x5  
  132  8:53  Adept  
  144  9:10  Nexus  
  144  9:11  Pylon  
  144  9:12  Pylon  
  144  9:14  Protoss Ground Armor Level 2 (Chrono Boost)  
  144  9:17  Photon Cannon, Colossus  
  144  9:19  Pylon, Photon Cannon  
  144  9:22  Pylon  
  144  9:23  Pylon, Extended Thermal Lance (Chrono Boost)  
  144  9:30  Protoss Ground Weapons Level 2  
  150  9:50  Stalker x3  
  150  9:51  Stalker x4  
  162  9:54  Adept  
  164  10:03  Colossus  
  163  10:21  Robotics Facility  
  163  10:27  Stalker x3  
  163  10:28  Stalker x3  
  175  10:37  Assimilator  
  175  10:40  Dark Templar  
  175  10:41  Assimilator  
  175  10:42  Dark Templar  
  177  10:45  Pylon  
  177  11:03  Stalker  
  177  11:04  Stalker x5  
  135  11:20  Adept x2  
  117  11:25  Colossus  
  117  11:32  Colossus  
  111  11:41  Stalker x3  
  111  11:42  Zealot x2  
  111  11:43  Zealot x3  
  120  11:47  Protoss Ground Armor Level 3  
  120  11:55  Protoss Ground Weapons Level 3  
  120  12:16  Probe  
  120  12:17  Observer, Probe x2  
  124  12:26  Observer  
  125  12:36  Stalker x2  
  129  12:37  Stalker x6  
  139  13:00  Immortal (Chrono Boost)  
  139  13:05  Immortal (Chrono Boost), Stalker x7  
  155  13:06  Stalker  
  155  13:09  Gateway  
  155  13:12  Gateway  
  121  13:38  Colossus (Chrono Boost)  
  131  13:41  Stalker x3  
  131  13:42  Stalker x5  
  131  13:46  Colossus (Chrono Boost)  
  147  14:07  Nexus  
  142  14:34  Stalker x8  
  157  14:41  Templar Archives  
  157  14:42  Pylon  
  155  14:55  Photon Cannon  
  155  14:57  Photon Cannon  
  155  15:01  Photon Cannon  
  153  15:09  Stalker x5  
  153  15:10  Stalker x3  
  117  15:38  Stalker x2  
  117  15:39  Stalker x8  
  119  16:14  Dark Templar x3  
  119  16:15  Dark Templar  
  119  16:16  Stalker x3  
  133  16:18  Archon  
  133  16:19  Archon  
Show
View Real Time Build Order
Export as new Build Order

Glorfindel Terran - Winner!

Build Orders:  

Get SALT Encoding   

  12  0:01  SCV  
  13  0:13  SCV  
  14  0:17  Supply Depot  
  14  0:25  SCV  
  15  0:37  Refinery  
  15  0:41  Barracks  
  15  0:45  SCV  
  16  0:57  SCV  
  17  1:09  SCV  
  19  1:30  Orbital Command  
  18  1:36  Barracks Reactor  
  18  1:48  Command Center  
  18  1:55  Supply Depot  
  18  1:56  SCV  
  19  2:08  SCV  
  19  2:13  Marine x2  
  22  2:17  Factory  
  22  2:21  SCV  
  23  2:31  Marine x2  
  23  2:33  SCV  
  26  2:45  SCV  
  27  2:51  Refinery, Marine x2  
  27  2:57  SCV  
  30  3:01  Orbital Command  
  30  3:03  Starport  
  30  3:07  Widow Mine  
  30  3:09  SCV  
  33  3:16  Supply Depot  
  33  3:19  Marine  
  34  3:20  Marine  
  34  3:23  SCV  
  36  3:28  SCV  
  37  3:35  SCV  
  37  3:38  Factory Tech Lab  
  37  3:39  Medivac  
  37  3:40  SCV  
  41  3:47  SCV  
  42  3:52  SCV  
  42  3:53  Engineering Bay  
  43  3:58  Cyclone  
  43  3:59  SCV  
  47  4:04  Supply Depot, SCV  
  47  4:06  Marine  
  47  4:08  Marine  
  50  4:11  SCV  
  50  4:12  Liberator  
  50  4:16  SCV  
  52  4:23  SCV  
  52  4:24  Missile Turret, Marine  
  53  4:26  Marine  
  53  4:28  SCV  
  59  4:36  SCV  
  60  4:41  Missile Turret  
  60  4:42  SCV, Marine  
  62  4:50  Supply Depot  
  62  5:05  Missile Turret  
  62  5:06  Marine x2  
  62  5:11  SCV x2  
  62  5:12  Supply Depot, Terran Infantry Weapons Level 1  
  64  5:24  SCV, Supply Depot, Marine x2  
  64  5:27  Starport Reactor  
  67  5:28  Command Center  
  67  5:30  Siege Tank  
  67  5:34  SCV  
  71  5:42  Marine x2  
  73  5:43  SCV  
  73  5:46  SCV  
  75  5:51  Barracks  
  75  5:52  Barracks  
  75  5:54  Barracks  
  75  6:00  Marine x2  
  77  6:04  Siege Tank  
  77  6:05  Medivac  
  82  6:14  Refinery  
  82  6:15  SCV  
  82  6:16  Refinery  
  82  6:17  SCV  
  82  6:18  Marine x2  
  86  6:21  Supply Depot  
  86  6:24  Supply Depot x2  
  86  6:32  Supply Depot  
  86  6:37  Supply Depot  
  86  6:38  Supply Depot  
  86  6:39  Marine x2  
  86  6:40  SCV  
  86  6:43  Barracks Tech Lab x2  
  86  6:44  Barracks Tech Lab  
  89  6:51  SCV  
  89  6:52  SCV  
  91  6:57  Marine  
  92  7:01  Marine  
  92  7:02  Combat Shields, Stimpack  
  92  7:05  Missile Turret  
  92  7:07  Refinery  
  92  7:08  SCV x2  
  95  7:10  Refinery  
  95  7:12  Terran Infantry Armor Level 1, Liberator  
  95  7:13  Marine  
  96  7:15  Barracks  
  96  7:18  Marine  
  96  7:19  Barracks  
  96  7:20  SCV  
  95  7:23  Marine  
  99  7:30  Orbital Command  
  99  7:31  SCV  
  99  7:32  SCV  
  101  7:39  Supply Depot x2  
  101  7:42  Concussive Shells  
  101  7:43  SCV  
  102  7:44  SCV  
  102  7:47  Missile Turret  
  102  7:48  Liberator  
  103  7:52  Factory Reactor  
  103  7:55  SCV  
  103  7:56  SCV  
  103  7:58  Marauder x2, Marine x2  
  111  8:01  SCV  
  115  8:07  SCV, Barracks Tech Lab  
  115  8:08  SCV  
  117  8:13  Armory  
  117  8:15  SCV  
  117  8:16  Supply Depot, Liberator  
  117  8:17  Marine x2  
  117  8:19  SCV  
  121  8:20  SCV  
  121  8:23  Supply Depot  
  121  8:25  Supply Depot  
  121  8:26  Supply Depot  
  122  8:27  SCV  
  122  8:30  Marauder  
  122  8:31  Marauder  
  130  8:37  Starport  
  130  8:41  SCV  
  131  8:42  Marauder, Marine x2  
  131  8:44  Marine  
  131  8:45  Marauder  
  131  8:47  Supply Depot, Liberator  
  138  8:51  Marine x2  
  138  8:52  Missile Turret  
  140  8:58  Liberator  
  140  8:59  Liberator  
  140  9:01  Widow Mine  
  140  9:02  Widow Mine  
  144  9:04  Engineering Bay  
  144  9:08  Marine x2  
  144  9:09  Marauder  
  157  9:20  Marauder, Marine x2  
  161  9:25  Ghost Academy  
  161  9:27  Terran Infantry Weapons Level 2  
  161  9:28  Marauder  
  161  9:29  Liberator  
  163  9:32  Widow Mine  
  163  9:33  Widow Mine  
  167  9:41  Missile Turret  
  167  9:45  Marine x2  
  168  9:46  Terran Infantry Armor Level 2  
  168  9:48  Barracks  
  168  9:51  Marine  
  173  9:59  Command Center  
  173  10:08  Medivac x2  
  177  10:14  Marine  
  177  10:21  Marauder, Marine x2  
  177  10:24  Command Center  
  177  10:28  Supply Depot  
  179  10:29  Medivac  
  179  10:31  Starport  
  179  10:34  Marine  
  179  10:35  Marauder  
  184  10:37  Barracks Tech Lab, Command Center  
  184  10:38  Medivac  
  185  10:44  Marine x2  
  179  11:04  Marine  
  179  11:05  Marauder, Marine x2  
  179  11:09  Medivac x2  
  188  11:15  Marine x2  
  188  11:16  Medivac  
  188  11:17  Marine  
  163  11:22  Marine x2  
  163  11:23  Marine  
  131  11:27  Marauder  
  124  11:33  Marine  
  124  11:34  Marauder, Marine  
  124  11:39  Medivac  
  122  11:40  Medivac, Marine x3  
  122  11:45  Widow Mine x2  
  131  11:48  Marauder  
  131  11:51  Orbital Command, Marine  
  131  11:52  Marine  
  135  11:55  Marauder  
  135  11:57  Terran Infantry Weapons Level 3  
  135  11:58  Marine x3  
  140  12:04  Fusion Core  
  140  12:08  Marine  
  140  12:09  Marine  
  140  12:10  Marine  
  140  12:11  Terran Infantry Armor Level 3  
  140  12:15  Starport Reactor, Starport Tech Lab  
  143  12:16  Marine x4  
  143  12:22  Widow Mine x2  
  149  12:27  Marauder x2  
  149  12:28  Marine  
  156  12:34  Marine  
  157  12:43  Planetary Fortress  
  154  12:45  Missile Turret  
  154  12:50  Liberator  
  152  12:53  Orbital Command  
  152  12:54  Marine x2  
  152  12:55  Marauder x2, Marine x2  
  152  12:56  Terran Vehicle Weapons Level 1  
  152  12:57  Personal Cloaking  
  160  12:59  Marine  
  160  13:00  Marauder  
  160  13:04  Refinery x2  
  160  13:05  Advanced Ballistics  
  163  13:12  Marine  
  167  13:23  Marine x2, Liberator x3  
  167  13:24  Marine x2  
  142  13:33  Marine x2  
  141  13:41  Marine x2  
  141  13:42  Marauder, Marine x2  
  141  13:43  Liberator x2  
  147  13:57  Orbital Command  
  147  13:58  Marauder, Marine  
  156  14:05  Liberator  
  156  14:10  Liberator  
  156  14:12  Marauder, Marine x2  
  156  14:13  Marauder, Marine  
  156  14:14  Marauder  
  164  14:18  Liberator  
  164  14:27  Liberator  
  164  14:28  Marine x2  
  164  14:30  Marine x2  
  171  14:31  Marine  
  171  14:33  Marine  
  171  14:34  Marine x2  
  181  14:46  Marine x2  
  181  14:47  Marine  
  181  14:50  SCV x3  
  187  14:58  Marine  
  188  15:13  Marine  
  189  15:15  Marine  
  189  15:18  Marauder, Marine x3  
  189  15:19  Marine x2  
  164  15:31  Marine  
  164  15:33  Marine  
  144  15:36  Marauder x2, Marine  
  144  15:37  Marine x2  
  144  15:39  Marine  
  144  15:40  Viking x3  
  158  15:48  Marine  
  157  15:55  Marauder, Marine x2  
  157  15:56  Marauder  
  162  15:57  Marine  
  151  16:09  Marine x2  
  153  16:13  Marine x2  
  153  16:17  Marine  
  168  16:25  Marine  
  168  16:26  Marauder, Marine  
Tags
 
Add a new tag
Caveats
  • Supply blocks, unpowered buildings, or Contaminate may cause inaccurate times.
  • Supply counts are checked every 10 seconds.